 Dungeon Crawl Stone Soup version 0.19-a0-1007-g133f65f (webtiles) character file.

695 Kurtz the Cudgeler (level 7, -2/55 HPs)
             Began as a Mummy Berserker on July 19, 2016.
             Was an Elder of Trog.
             Slain by Menkaure (13 damage)
             ... on level 5 of the Dungeon.
             The game lasted 00:07:27 (4835 turns).

Kurtz the Cudgeler (Mummy Berserker)                Turns: 4835, Time: 00:07:28

Health: -2/55      AC:  9    Str: 20    XL:     7   Next: 37%
Magic:  7/7        EV:  8    Int:  7    God:    Trog [****..]
Gold:   282        SH:  0    Dex: 13    Spells: 0 memorised, 6 levels left

rFire  . . .     SeeInvis .     m - +0 flail
rCold  . . .     Gourm    .     q - +0 chain mail
rNeg   + + +     Faith    .     (no shield)
rPois  ∞         Spirit   .     u - +0 helmet (curse)
rElec  .         Dismiss  .     (no cloak)
rCorr  .         Reflect  .     (no gloves)
SustAt .         Harm     .     (no boots)
MR     ++...                    (no amulet)
Stlth  ..........               (no ring)
                                h - ring of fire

@: regenerating, very resistant to hostile enchantments, extremely unstealthy
A: no food or potions, fire vulnerability, cold resistance 1, negative energy
resistance 3, torment resistance, unbreathing
a: Trog's Hand, Brothers in Arms, Burn Spellbooks, Renounce Religion


You were on level 5 of the Dungeon.
You worshipped Trog.
Trog was greatly pleased with you.
You were not hungry.

You visited 1 branch of the dungeon, and saw 5 of its levels.

You collected 282 gold pieces.

Inventory:

Hand Weapons
 a - a +0 mace
 k - a +0 blowgun
 m - a +0 flail (weapon)
Missiles
 e - 53 poisoned needles
 r - 107 stones
 t - 2 tomahawks (quivered)
Armour
 b - a +0 animal skin
 f - a +0 ring mail
 q - a +0 chain mail (worn)
 u - a cursed +0 helmet (worn)
Jewellery
 h - a ring of fire (left hand)
Wands
 p - a wand of digging (12/24)
Scrolls
 c - 2 scrolls of remove curse {unknown}
 d - 3 scrolls of teleportation {unknown}
 g - a scroll of noise {unknown}
 i - a scroll of random uselessness {unknown}
 j - a scroll of magic mapping {unknown}
 l - 2 scrolls of identify {unknown}
 n - 2 scrolls of enchant armour {unknown}
 o - 4 scrolls of immolation {unknown}
 s - a scroll of recharging {unknown}


   Skills:
 + Level 4.3 Fighting
 * Level 6.6 Maces & Flails
 + Level 0.7 Throwing
 - Level 1.5 Armour
 - Level 1.5 Dodging


You had 6 spell levels left.
You didn't know any spells.

Dungeon Overview and Level Annotations

Branches:
Dungeon (5/15)
 Temple: D:4-7

Altars:
Elyvilon
Hepliaklqana

Shops:
D:5 %%

Annotations:
D:5 Menkaure


Innate Abilities, Weirdness & Mutations

You do not eat or drink.
Your flesh is vulnerable to fire.
You are immune to poison.
Your flesh is cold resistant. (rC+)
You are immune to negative energy. (rN+++)
You are immune to unholy pain and torment.
You can survive without breathing.


Message History

Menkaure is lightly damaged.
Menkaure barely misses you.
You thump Menkaure!
Menkaure is heavily damaged.
Menkaure mumbles some strange words.
Menkaure seems to speed up.
You barely miss Menkaure.
Menkaure is heavily damaged.
Menkaure hits you!!
Your chain mail prevents you from hitting Menkaure.
Menkaure is heavily damaged.
Menkaure hits you!
Your chain mail prevents you from hitting Menkaure.
Menkaure is heavily damaged.
Menkaure hits you!
* * * LOW HITPOINT WARNING * * *
Your skin crawls.
You feel resistant to hostile enchantments.
Menkaure hits you but does no damage. Menkaure hits you!
You die...

#########
#.......# ##
#.......#
...#.......#
#.#.......####
#......(#.#..
#.#...#.....#(##
##.#.......###M.#
#..#..##.....@..#
##.#..##..####.!#
#.....##........#
#.....##.######.#
#.#.......# .#
#.........#####.#
###.###.........#
#.# #.........###
#.# #..........)#


You could see Menkaure.

Vanquished Creatures
  Sigmund (D:5)
  An ice beast (D:5)
  A phantom (D:4)
  A scorpion (D:4)
  A hound (D:4)
  An orc priest (D:4)
  A giant frog skeleton (D:4)
  An orc wizard (D:4)
  A centaur skeleton (D:5)
  A worker ant zombie (D:3)
  An adder (D:3)
  An ooze (D:1)
  2 worms (D:2)
  3 dart slugs
  A giant gecko (D:3)
  13 orcs
  12 bats
  15 giant cockroaches
  7 goblins
  7 hobgoblins
  9 jackals
  16 kobolds
  A quokka (D:2)
  5 giant newts
  10 rats
113 creatures vanquished.

Notes
Turn   | Place    | Note
-------+----------+-------------------------------------------
     0 | D:1      | Kurtz the Mummy Berserker began the quest for the Orb.
     0 | D:1      | Reached XP level 1. HP: 18/18 MP: 1/1
   211 | D:1      | Reached XP level 2. HP: 24/24 MP: 2/2
   257 | D:1      | Reached skill level 3 in Maces & Flails
   706 | D:1      | Reached ** piety under Trog
   751 | D:1      | Reached XP level 3. HP: 28/29 MP: 3/3
  1720 | D:2      | Reached skill level 4 in Maces & Flails
  1848 | D:2      | Reached XP level 4. HP: 30/35 MP: 4/4
  1860 | D:2      | Reached *** piety under Trog
  2610 | D:3      | Reached **** piety under Trog
  2719 | D:3      | Reached XP level 5. HP: 30/41 MP: 5/5
  3284 | D:4      | Reached skill level 5 in Maces & Flails
  3390 | D:4      | Noticed a phantom
  3440 | D:4      | Killed a phantom
  3440 | D:4      | Reached XP level 6. HP: 25/47 MP: 6/6
  4276 | D:5      | Entered Level 5 of the Dungeon
  4276 | D:5      | Found Arha's Food Boutique.
  4276 | D:5      | Found Wolixoce's Food Shop.
  4276 | D:5      | Found a hazy altar of Hepliaklqana.
  4276 | D:5      | Noticed an ice beast
  4318 | D:5      | Found a white marble altar of Elyvilon.
  4381 | D:5      | Noticed Sigmund
  4411 | D:5      | Killed Sigmund
  4411 | D:5      | Reached skill level 6 in Maces & Flails
  4411 | D:5      | Reached XP level 7. HP: 28/54 MP: 7/7
  4828 | D:5      | Noticed Menkaure
  4835 | D:5      | Slain by Menkaure

Vault maps used:
D:1:      minmay_arrival_arboretum_large, grunt_decor_resistance
D:2:      minmay_roachtagon, first_bread
D:5:      lemuel_castle_with_subvaults, elyvilon_altar_4,
          overflow_temple_1_default, serial_shops, shop, shop_coins,
          nicolae_shop_trees, shop, nicolae_shop_trees, kennysheep_doodads,
          grunt_decor_arrowhead, uniq_grinder, uniq_menkaure, uniq_sigmund

Skill      XL: |  1  2  3  4  5  6 |
---------------+-------------------+-----
Maces & Flails | 3 4 5 6 |  6.6
Fighting       | 4 |  4.3
Throwing       | |  0.7
Armour         | |  1.5
Dodging        | |  1.5

Action                   |  1- 3 |  4- 6 |  7- 9 || total
-------------------------+-------+-------+-------++-------
Melee: Mace              |   146 |    88 |       ||   234
       Flail             |       |   180 |    24 ||   204
 Fire: Blowgun           |       |    10 |       ||    10
Throw: Stone             |       |     5 |       ||     5
       Tomahawk          |       |       |     1 ||     1
Invok: Trog's Hand       |       |     1 |     1 ||     2
 Stab: Sleeping          |     3 |       |       ||     3
Armor: Animal skin       |    14 |       |       ||    14
       Ring mail         |    42 |   111 |       ||   153
       Chain mail        |       |    10 |    10 ||    20
Dodge: Dodged            |   109 |   239 |     4 ||   352
